 Dungeon Crawl Stone Soup version 0.31.0-11-ge490571c62 (webtiles) character file.

Game seed: 16256690436486628360

1596 Ruich the Frost Mage (level 8, -10/43 HPs)
             Began as an Octopode Ice Elementalist on Feb 3, 2024.
             Was a Priest of Hepliaklqana.
             Killed from afar by a steam dragon (28 damage)
             ... with a ball of steam
             ... on level 6 of the Dungeon on Feb 4, 2024.
             The game lasted 00:22:42 (5889 turns).

Ruich the Frost Mage (Octopode Ice Elementalist)    Turns: 5889, Time: 00:22:43

Health: -10/43     AC:  1    Str:  7    XL:     8   Next: 93%
Magic:  7/16       EV: 13    Int: 18    God:    Hepliaklqana [***...]
Gold:   273        SH:  0    Dex: 14    Spells: 5/18 levels left

rFire   . . .        f - +1 sling
rCold   . . .        (no shield)
rNeg    . . .        (helmet restricted)
rPois   .            (no amulet)
rElec   .            v - ring of see invisible
rCorr   .            (no ring)
SInv    +            (no ring)
Will    .....        (no ring)
Stlth   ++++         (no ring)
HPRegen 0.27/turn    (no ring)
MPRegen 0.15/turn    (no ring)
                     (no ring)

%: no passive effects
@: no status effects
A: reduced essence, almost no armour, amphibious, 8 rings, camouflage 1,
gelatinous body 1, (nimble swimmer 1), tentacles
a: Renounce Religion, Recall Ancestor, Ancestor Identity, Transference


You were on level 6 of the Dungeon.
You worshipped Hepliaklqana.
Hepliaklqana was most pleased with you.
You visited 1 branch of the dungeon, and saw 6 of its levels.

You collected 273 gold pieces.


Innate Abilities, Weirdness & Mutations

Your life essence is reduced to manifest your ancestor. (-10% HP)
You cannot wear most types of armour.
You are amphibious.
You can wear up to eight rings at the same time.
Your skin changes colour to match your surroundings (Stealth+).
Your rubbery body absorbs attacks. (AC +1, EV +1)
((You are camouflaged when in or above water. (Stealth+)))
You have tentacles for arms and can constrict up to eight enemies at once.


   Skills:
 + Level 1.0 Fighting
 - Level 2.0 Dodging
 + Level 5.3 Stealth
 - Level 5.5 Spellcasting
 * Level 1.7 Conjurations
 * Level 1.7 Summonings
 - Level 9.1 Ice Magic


You had 5 spell levels left.
You knew the following spells:

 Your Spells              Type           Power      Damage    Failure   Level
b - Summon Ice Beast      Ice/Summ       24%        N/A       4%          3
f - Freeze                Ice            100%       1d10      1%          1
o - Ozocubu's Armour      Ice            37%        N/A       1%          3
r - Frozen Ramparts       Ice            74%        1d12      1%          3
X - Hailstorm             Conj/Ice       24%        3d7       4%          3

Your spell library contained the following spells:

 Spells                   Type           Power      Damage    Failure   Level
 Shock                    Conj/Air       32%        1d5       9%          1
 Sting                    Conj/Alch      32%        1d5       9%          1
 Necrotise                Necr           16%        1d4       13%         1
 Slow                     Hex            16%        N/A       13%         1
 Lesser Beckoning         Tloc           8%         N/A       19%         2
 Mercury Vapours          Alch/Air       8%         N/A       19%         2
 Scorch                   Fire           8%         2d5       19%         2
 Confusing Touch          Hex            4%         N/A       36%         3
 Gell's Gravitas          Tloc           4%         N/A       36%         3
 Inner Flame              Hex/Fire       4%         N/A       36%         3
 Sigil of Binding         Hex            4%         N/A       36%         3
 Swiftness                Air            4%         N/A       36%         3
 Teleport Other           Tloc           4%         N/A       36%         3
 Vampiric Draining        Necr           4%         2d6       36%         3
 Flame Wave               Conj/Fire      8%         2d5       65%         4
 Martyr's Knell           Necr/Summ      8%         N/A       65%         4
 Airstrike                Air            2%         2d(1-17)  77%         4
 Olgreb's Toxic Radiance  Alch           4%         N/A       77%         4
 Sticky Flame             Fire/Alch      4%         2d4       77%         4
 Curse of Agony           Necr           4%         N/A       98%         5
 Ozocubu's Refrigeration  Ice            18%        4d11      95%         7
 Sculpt Simulacrum        Ice/Alch       10%        N/A       96%         6
 Summon Cactus Giant      Summ           5%         N/A       100%        6
 Polar Vortex             Ice            18%        12d2*     100%        9

Inventory:

Hand Weapons
 f - a +1 sling (weapon)
 q - a +7 dagger of freezing
Missiles
 b - 76 stones
 m - 5 poisoned darts
Jewellery
 n - an amulet of guardian spirit
 v - a ring of see invisible (left tentacle)
Scrolls
 c - a scroll of teleportation {@r2}
 e - a scroll of poison {unknown}
 g - 3 scrolls of enchant armour
 i - a scroll of blinking
 j - a scroll of vulnerability
 k - 2 scrolls of fog
 t - a scroll of identify {unknown}
 u - a scroll of enchant weapon
Potions
 a - a potion of magic
 d - 3 potions of brilliance {unknown}
 h - a potion of haste {unknown}
 l - a potion of enlightenment {unknown}
 o - 3 potions of heal wounds {unknown}
 p - 2 potions of might {unknown}
 r - 2 potions of curing {unknown}
 s - a potion of lignification {unknown}
 w - a potion of ambrosia {unknown}

Dungeon Overview and Level Annotations

Branches:
Dungeon (6/15)             Temple (0/1) D:5

Altars:
Ashenzari
Hepliaklqana
Kikubaaqudgha
Zin
The Shining One

Shops:
D:4

*? ###..## ####
......##..... ##......▒
##....#......
......##▒...▒ ##.....#
... ......## ###########
####.## #.........# #.#
#.§@..# #.# #§RY..# ##'##
#D##### ##...## #.#
##.....## #.# #.......##
##.##
.........####..D######.##
.........+...............
.........###.....#####...


You could see the friendly Chakide the knight, a steam dragon (catching breath,
ally target) and a friendly ice beast (summoned).


Message History

The ball of steam hits you.
You hear a shout!
The heat melts your icy armour.
Unknown command.
Fire: f) +1 sling
Press: ? - help, Q - select action, (/) - cycle Shift-Dir - straight line, f - you Really target yourself? [Y]es or [N]o only, please.
Really target yourself?
Okay, then.
Unknown command.
Unknown command.
You are engulfed in a cloud of scalding steam.
* * * LOW HITPOINT WARNING * * *
The heat melts your icy armour.
Unknown command.
Press: ? - help, v - describe, . - travel
Here: a steam dragon (steam, ally target)
The floor.
Unknown command.
Unknown command.
Your icy armour cracks and falls away as you move.
The frozen ramparts melt away as you move.
Chakide hits the steam dragon with a +0 flail.
The steam dragon breathes steam at you.
The ball of steam hits Chakide!
Chakide resists.
The ball of steam hits you!!
Ouch! That really hurt!
You die...

Skill      XL: |  1  2  3  4  5  6  7  8 |
---------------+-------------------------+-----
Stealth        | 3 4 5 |  5.3
Ice Magic      | 5 6 8 9 |  9.1
Spellcasting   | 3 5 |  5.5
Conjurations   | 1 |  1.7
Summonings     | 1 |  1.7
Fighting       | 1 |  1.0
Dodging        | |  2.0

Action                     |  1- 3 |  4- 6 |  7- 9 || total
---------------------------+-------+-------+-------++-------
  Melee: Club              |     1 |       |       ||     1
         Unarmed           |     1 |       |       ||     1
         Tentacles         |     1 |       |       ||     1
   Fire: Sling             |    66 |    97 |    90 ||   253
  Throw: Stone             |    10 |       |       ||    10
   Cast: Freeze            |    18 |    10 |    17 ||    45
         Frozen Ramparts   |       |     2 |     7 ||     9
         Ozocubu's Armour  |       |     1 |     5 ||     6
         Summon Ice Beast  |       |       |     2 ||     2
 Invoke: Ancestor Life: Kn |     1 |       |       ||     1
         Recall Ancestor   |       |     1 |     5 ||     6
    Use: Scroll            |       |     9 |       ||     9
 Armour: Skin              |    10 |    10 |    35 ||    55
  Dodge: Dodged            |     8 |    21 |    29 ||    58

Levels and vault maps discovered:
D:1:      matt_arrival_grand_opening, layout_basic,
          ebering_ecumenical_altar_abandoned, roderic_lattice_a
D:2:      layout_basic, basic_altar
D:3:      layout_rooms, mainiacjoe_overflow_cross_hatched,
          kiku_gazebo_garden_becter, minmay_misc_feat_tiny,
          chequers_serial_rivers_marsh, minivault_14
D:4:      layout_basic, overflow_temple_1_default, serial_shops, shop,
          nicolae_shop_clearance
D:5:      layout_rooms, temple_hall, uniq_pikel
D:6:      layout_loops_corners, mainiacjoe_overflow_catwalk,
          lemuel_coloured_pillars_altar

Notes
Turn   | Place    | Note
-------+----------+-------------------------------------------
     0 | D:1      | Ruich the Octopode Ice Elementalist began the quest for the
                  | Orb.
     0 | D:1      | Reached XP level 1. HP: 11/11 MP: 3/3
   192 | D:1      | Found a faded altar of an unknown god.
   200 | D:1      | Prayed at the altar of an unknown god.
   200 | D:1      | Became a worshipper of Hepliaklqana the Forgotten
   200 | D:1      | Reached * piety under Hepliaklqana
   264 | D:1      | Reached skill level 3 in Stealth
   264 | D:1      | Reached XP level 2. HP: 15/15 MP: 3/5
   776 | D:1      | Reached XP level 3. HP: 9/18 MP: 4/6
  1047 | D:1      | Reached ** piety under Hepliaklqana
  1060 | D:1      | Remembered your ancestor Chakide as a knight
  2100 | D:2      | Found a hazy altar of Hepliaklqana.
  2340 | D:3      | Reached *** piety under Hepliaklqana
  2344 | D:3      | Reached XP level 4. HP: 24/24 MP: 3/7
  2563 | D:3      | Found an ancient bone altar of Kikubaaqudgha.
  2582 | D:3      | Found a glowing golden altar of the Shining One.
  2663 | D:3      | Reached skill level 4 in Stealth
  2663 | D:3      | Reached skill level 5 in Ice Magic
  2722 | D:3      | Reached XP level 5. HP: 27/27 MP: 9/9
  3181 | D:4      | Found Quosuw's CLEARANCE SALE!.
  3190 | D:4      | Found Jaesyeff's Magic Scroll Shoppe.
  3262 | D:4      | Reached skill level 3 in Spellcasting
  3385 | D:4      | Learned a level 3 spell: Ozocubu's Armour
  3389 | D:4      | Learned a level 3 spell: Frozen Ramparts
  3470 | D:4      | Reached XP level 6. HP: 15/32 MP: 6/10
  3661 | D:4      | Reached skill level 5 in Stealth
  3696 | D:4      | Found a broken altar of Ashenzari.
  3848 | D:4      | Reached skill level 6 in Ice Magic
  4105 | D:5      | Entered Level 5 of the Dungeon
  4147 | D:5      | Noticed a water moccasin
  4156 | D:5      | Killed a water moccasin
  4157 | D:5      | Reached XP level 7. HP: 35/36 MP: 3/12
  4326 | D:5      | Reached skill level 4 in Spellcasting
  4438 | D:5      | Reached skill level 7 in Ice Magic
  4549 | D:5      | Noticed Pikel
  4630 | D:5      | Killed Pikel
  4631 | D:5      | Reached skill level 5 in Spellcasting
  4631 | D:5      | Reached skill level 8 in Ice Magic
  4631 | D:5      | Reached XP level 8. HP: 38/41 MP: 13/15
  4635 | D:5      | Learned a level 3 spell: Hailstorm
  4639 | D:5      | Learned a level 3 spell: Summon Ice Beast
  4781 | D:5      | Found a staircase to the Ecumenical Temple.
  4821 | D:5      | Reached skill level 9 in Ice Magic
  5445 | D:5      | Reached skill level 1 in Conjurations
  5445 | D:5      | Reached skill level 1 in Summonings
  5593 | D:6      | Found a glowing silver altar of Zin.
  5674 | D:6      | Reached skill level 1 in Fighting
  5889 | D:6      | Killed from afar by a steam dragon

Vanquished Creatures
  A water moccasin (D:5)
  A lemure (D:5)
  3 scorpions (D:5)
  A bombardier beetle (D:4)
  A hound (D:4)
  A sleepcap (D:5)
  3 iguanas
  An adder (D:4)
  A dart slug (D:3)
  7 orcs
  3 endoplasms
  A giant cockroach (D:3)
  4 goblins
  6 hobgoblins
  4 jackals
  4 quokkas
  6 ball pythons
  A bat (D:1)
  2 frilled lizards (D:3)
  9 kobolds
  8 rats
68 creatures vanquished.

Vanquished Creatures (collateral kills)
  Pikel (D:5)
  An ogre (D:6)
  A lemure (D:5)
  A phantom (D:5)
  A scorpion (D:5)
  3 wights (D:5)
  A howler monkey (D:4)
  An orc priest (D:6)
  A hound (D:5)
  An iguana (D:4)
  3 orc wizards
  3 adders
  A shadow imp (D:6)
  A white imp (D:5)
  2 dart slugs (D:3)
  6 orcs
  A ball python (D:1)
  3 endoplasms
  A goblin (D:3)
  A hobgoblin (D:1)
  3 jackals (D:4)
  A rat (D:2)
38 creatures vanquished.

Vanquished Creatures (others)
  2 knights (D:5)
  An ancestor (D:1)
3 creatures vanquished.

Grand Total: 109 creatures vanquished

Table legend: (Time is in decaauts)
 A = Elapsed time spent in this place.
 B = Non-inter-level travel time spent in this place.
 C = Inter-level travel time spent in this place.
 D = Time resting spent in this place.
 E = Time spent auto-exploring this place.
 F = Levels seen in this place.
 G = Mean time per level.
                   A        B        C        D        E       F      G
               +--------+--------+--------+--------+--------+-----+--------+
         Total |   5992 |   5739 |    253 |   1758 |   2738 |   6 |  998.7 |
       Dungeon |   5992 |   5739 |    253 |   1758 |   2738 |   6 |  998.7 |
               +--------+--------+--------+--------+--------+-----+--------+

Top non-repeatable levels by time:
     D:5: 1518 daAuts
     D:4: 1335 daAuts
     D:1: 1331 daAuts
     D:2: 880 daAuts
     D:3: 670 daAuts
     D:6: 256 daAuts

Table legend:
 A = Non-vault XP
 B = Vault XP
 C = Vault XP percentage of total XP
 D = Non-vault monster count
 E = Vault monster count
 F = Vault count percentage of total count
                 A         B        C        D         E       F
            +---------+---------+-------+---------+---------+-------
      Total |    1663 |     617 |  27.1 |     103 |       1 |   1.0
            +---------+---------+-------+---------+---------+-------
        D:1 |      39 |       0 |   0.0 |      25 |       0 |   0.0
        D:2 |      14 |       0 |   0.0 |       9 |       0 |   0.0
        D:3 |     115 |       0 |   0.0 |      18 |       0 |   0.0
        D:4 |     295 |       0 |   0.0 |      25 |       0 |   0.0
        D:5 |     985 |     617 |  38.5 |      21 |       1 |   4.5
        D:6 |     215 |       0 |   0.0 |       5 |       0 |   0.0
            +---------+---------+-------+---------+---------+-------
